 Dungeon Crawl Stone Soup version 0.25-a0-886-gd7461d2276 (webtiles) character file.

Game seed: 12795423542199296565, levelgen mode: deterministic

119333 Maedhros the Blocker (level 16, 0/105 HPs)
             Began as an Octopode Artificer on May 2, 2020.
             Was the Champion of Cheibriados.
             Slain by Arachne (19 damage)
             ... on level 4 of the Spider Nest.
             The game lasted 01:34:06 (13471 turns).

Maedhros the Blocker (Octopode Artificer)          Turns: 13471, Time: 01:34:06

Health: 0/105      AC: 16    Str: 29 (32) XL:     16   Next: 79%
Magic:  4/46       EV: 20    Int: 31      God:    Cheibriados [******]
Gold:   894        SH: 26    Dex: 30 (32) Spells: 2/31 levels left

rFire    . . .     SeeInvis .     - Unarmed
rCold    + . .     Gourm    .   r - +4 tower shield
rNeg     . . .     Faith    .   (helmet restricted)
rPois    +         Spirit   .   x - amulet of regeneration
rElec    .         Reflect  .   i - +3 ring of protection
rCorr    .         Harm     .   Z - ring of protection from cold
MR       +....                  o - ring of magical power
Stlth    +++++.....             B - ring of wizardry
HPRegen  0.67/turn              C - ring of magical power
MPRegen  0.30/turn              S - +2 ring of intelligence
                                s - +4 ring of strength
                                v - ring of Robustness {AC+8}

@: lethally poisoned (0 -> -4), liquefying, studying Throwing, slowed movement,
very slow
A: almost no armour, stealthy swim, amphibious, 8 rings, constrict 8, tentacle
spike 1, iridescent scales 1, thin metallic scales 1, camouflage 1, poison
resistance, gelatinous body 1, evolution 1
a: Bend Time, Temporal Distortion, Slouch, Step From Time, Renounce Religion


You were on level 4 of the Spider Nest.
You worshipped Cheibriados.
Cheibriados was exalted by your worship.
You were not hungry.

You visited 5 branches of the dungeon, and saw 25 of its levels.
You also visited: Sewer, Gauntlet and Ice Cave.

You collected 2073 gold pieces.
You spent 1179 gold pieces at shops.

Inventory:

Hand Weapons
 j - a +2 hunting sling
Missiles
 q - 2 throwing nets (quivered)
 u - 9 curare-tipped darts
 y - 11 javelins
Armour
 r - a +4 tower shield (worn)
Magical Staves
 w - an uncursed staff of death
Jewellery
 g - an uncursed ring of ice
 i - a +3 ring of protection (left tentacle)
 m - an uncursed ring of ice
 o - a ring of magical power (on tentacle)
 s - a +4 ring of strength (on tentacle)
 v - the ring of Robustness (on tentacle) {AC+8}
   (You found it on level 5 of the Lair of Beasts)

   [ring of protection]

   It affects your AC (+8).
 x - an amulet of regeneration (around mantle)
 B - a ring of wizardry (on tentacle)
 C - a ring of magical power (on tentacle)
 L - an uncursed ring of protection from fire
 M - an uncursed ring of fire
 S - a +2 ring of intelligence (on tentacle)
 U - a +2 amulet of reflection
 V - an uncursed amulet of the acrobat
 Y - the ring of Izaahoej {*Tele Int+3}
   (You found it in a Gauntlet)

   [ring of teleportation]

   It may teleport you next to monsters.
   It affects your intelligence (+3).
 Z - a ring of protection from cold (right tentacle)
Wands
 b - a wand of flame (59)
 c - a wand of enslavement (28)
 t - a wand of acid (10)
 z - a wand of digging (5)
 K - a wand of disintegration (9)
 R - a wand of clouds (4)
 T - a wand of iceblast (36)
Scrolls
 e - 6 scrolls of teleportation
 l - 3 scrolls of silence
 n - a scroll of enchant weapon
 D - 2 scrolls of fear
 F - a scroll of blinking
 J - 2 scrolls of vulnerability
 N - 6 scrolls of identify
 Q - 2 scrolls of immolation
 X - 3 scrolls of fog
Potions
 a - 13 potions of curing
 h - 3 potions of lignification
 p - 3 potions of heal wounds
 A - 3 potions of might
 E - 3 potions of invisibility
 H - 3 potions of flight
 O - 3 potions of cancellation
 P - 3 potions of ambrosia
Books
 d - a manual of Throwing
Miscellaneous
 k - a lightning rod (4/4)
 G - 2 phantom mirrors
 I - 3 tins of tremorstones
 W - a phial of floods
Comestibles
 f - 33 rations


   Skills:
 - Level 8.2 Fighting
   Level 1.0 Short Blades
 + Level 11.8 Throwing
 - Level 8.4 Dodging
 - Level 7.0 Stealth
 - Level 13.0 Shields
 - Level 10.0 Unarmed Combat
 - Level 8.0 Spellcasting
 - Level 9.2 Hexes
 * Level 9.6 Ice Magic
 - Level 3.4 Air Magic
 - Level 7.0 Poison Magic
 - Level 9.8 Invocations
 - Level 8.0 Evocations


You had 2 spell levels left.
You knew the following spells:

 Your Spells              Type           Power        Failure   Level  Hunger
a - Ozocubu's Refrigerat  Ice            ######....   21%         6    ######.
b - Tukima's Dance        Hex            ######..     1%          3    None
c - Cause Fear            Hex            ######....   1%          4    #......
d - Mephitic Cloud        Conj/Pois/Air  ####....     6%          3    None
e - Olgreb's Toxic Radia  Pois           ######..     4%          4    #......
f - Leda's Liquefaction   Hex/Erth       #####.....   12%         4    #......
g - Metabolic Englaciati  Hex/Ice        ######....   4%          5    ####...

Your spell library contained the following spells:

 Spells                   Type           Power        Failure   Level  Hunger
 Corona                   Hex            ######.      1%          1    None
 Sting                    Tmut/Pois      ####         1%          1    None
 Ensorcelled Hibernation  Hex/Ice        ######       1%          2    None
 Poisonous Vapours        Pois/Air       #####.       1%          2    None
 Slow                     Hex            ######..     1%          2    None
 Corpse Rot               Necr/Air       N/A          6%          2    None
 Foxfire                  Conj/Fire      ##..         8%          1    None
 Magic Dart               Conj           ##..         8%          1    None
 Blink                    Tloc           N/A          12%         2    None
 Call Imp                 Summ           ##......     12%         2    None
 Sublimation of Blood     Necr           ##........   12%         2    None
 Confusing Touch          Hex            ######..     1%          3    None
 Dazzling Flash           Conj/Hex       #####.       3%          3    None
 Inner Flame              Hex/Fire       #####...     3%          3    None
 Portal Projectile        Hex/Tloc       #####.       3%          3    None
 Ignite Poison            Fire/Tmut/Pois ####....     9%          3    None
 Ice Form                 Ice/Tmut       #####...     11%         4    #......
 Conjure Flame            Conj/Fire      ##......     22%         3    None
 Dispel Undead            Necr           ##......     56%         4    #......
 Simulacrum               Ice/Necr       #####.....   80%         6    ######.
 Freezing Cloud           Conj/Ice/Air   #####.....   86%         6    ######.
 Agony                    Necr           ##......     87%         5    ####...
 Excruciating Wounds      Chrm/Necr      ##........   87%         5    ####...


Dungeon Overview and Level Annotations

Branches:
Dungeon (13/15)            Temple (1/1) D:6            Lair (5/6) D:10
 Shoals (0/4) Lair:3       Spider (4/4) Lair:4          Orc (2/2) D:9
    Elf (0/3) Orc:2         Sewer (visited)           IceCv (visited)
Gauntlet (visited)
  Slime: Lair:5-6    Vaults: D:13-14

Altars:
Ashenzari
Cheibriados
Elyvilon
Fedhas
Gozag
Kikubaaqudgha
Makhleb
Nemelex Xobeh
Okawaru
Qazlal
Ru
Sif Muna
Trog
Uskayaw
Vehumet
Wu Jian
Xom
Yredelemnul
Zin
The Shining One
Beogh

Shops:
D:5 *   Orc:2 ((:[!}}

Annotations:
D:8 exclusion: door
Spider:1 Nikola
Spider:4 Arachne


Innate Abilities, Weirdness & Mutations

You cannot wear most types of armour.
You are very stealthy in the water. (Stealth+)
You are amphibious.
You can wear up to eight rings at the same time.
You can use your tentacles to constrict eight enemies at once.
Your skin changes colour to match your surroundings (Stealth+).
Your rubbery body absorbs attacks. (AC +1, EV +1)
One of your tentacles bears a spike.
You are partially covered in iridescent scales. (AC +2)
You are partially covered in thin metallic scales. (AC +2)
Your system is resistant to poisons. (rPois)
You evolve.


Message History

The hornet stings you but does no damage.
Unknown command.
Unknown command.
Unknown command.
The web tears apart.
You feel sick.
Arachne is engulfed in poison gas.
Arachne looks as sick as possible!
Arachne stares at you and mumbles some strange words.
The poison arrow hits you!
You are more poisoned.
You partially resist.
* * * LOW HITPOINT WARNING * * *
The wolf spider is engulfed in poison gas.
The wolf spider looks even sicker.
You block the hornet's attack.
A tarantella comes into view.
The demonic crawler hits you but does no damage.
The demonic crawler becomes momentarily stuck in the liquid earth.
You block the demonic crawler's attack.
Arachne is engulfed in poison gas.
Arachne looks as sick as possible!
Arachne hits you!!
You die...
Xom laughs nastily!

# ####.........
###.#.#..........
#..^..##.#.......
####...#.#.........
##..#...............
###..^................
###^(^.......^[...^.....
#.....y....^............
#..§§s@................
^.#§§sHs................
.†.†#§§...#............?.
.. #§§...#..............
.§§#..###..............
^s.#...................
^.s......................
s...^#...................
....s#.............^.†<..


You could see Arachne, 2 demonic crawlers, a wolf spider, a hornet and 2
tarantellas.

Vanquished Creatures
  Kirke (Lair:4)
  4 emperor scorpions
  5 ghost moths
  5 entropy weavers
  A white draconian (IceCv)
  Erolcha (Orc:2)
  Fannar (Lair:3)
  2 hydras
  A ghost crab (Gauntlet)
  A catoblepas (Gauntlet)
  2 ogre magi (Orc:2)
  8 two-headed ogres
  4 death yaks
  Nergalle (Lair:3)
  An unseen horror (D:12)
  2 deep trolls (Orc:2)
  An orc knight (Orc:1)
  15 orb spiders
  6 cyclopes
  3 ugly things
  27 wolf spiders
  A manticore (D:12)
  3 black mambas
  A torpor snail (Lair:5)
  An ice statue (IceCv)
  6 spiny frogs
  2 gargoyles
  A minotaur zombie (Gauntlet)
  A komodo dragon (Lair:1)
  8 demonic crawlers
  2 ice devils (Lair:3)
  An efreet (D:13)
  14 polar bears
  7 trolls (Orc:2)
  3 meliai (D:13)
  45 jumping spiders
  11 hornets
  Prince Ribbit (D:7)
  A meliai zombie (D:10)
  6 slime creatures (D:13)
  11 hippogriffs
  52 redbacks
  2 wyverns
  7 spriggans (D:12)
  14 tarantellas
  5 humans
  Sigmund (D:6)
  49 yaks
  2 large abominations (Gauntlet)
  6 hogs
  5 basilisks
  3 small abominations (Gauntlet)
  2 hungry ghosts (D:9)
  A vampire mosquito (D:12)
  4 wargs
  10 water moccasins
  5 porcupines (Lair:5)
  2 soldier ants
  17 orc warriors
  2 ice beasts
  5 sky beasts
  4 phantoms
  11 necrophages
  25 ogres
  14 wolves
  7 crocodiles
  6 centaurs
  Blork the orc (D:6)
  18 bullfrogs
  2 wyvern skeletons
  12 scorpions
  3 troll zombies (D:9)
  14 wights
  2 killer bees (D:8)
  2 howler monkeys (D:8)
  6 electric eels
  3 bullfrog zombies
  5 crimson imps
  3 centaur zombies
  A quasit (D:10)
  5 jellies
  3 bullfrog skeletons
  21 orc wizards
  21 orc priests
  7 hounds
  A gnoll shaman (D:6)
  3 iguanas
  13 worker ants
  5 ogre zombies (D:9)
  A mummy (D:8)
  6 gnolls
  10 adders
  2 shadow imps
  An ooze (D:1)
  4 adder zombies
  3 worms
  3 dart slugs
  6 leopard geckos
  55 orcs
  4 bats
  14 giant cockroaches
  5 goblins
  6 hobgoblins
  14 jackals
  3 quokkas
  6 ball pythons
  9 frilled lizards
  4 goblin skeletons (D:9)
  2 goblin zombies (D:9)
  A hobgoblin zombie (D:9)
  5 kobolds
  5 leopard gecko skeletons
  4 orc skeletons (D:9)
  14 orc zombies (D:9)
  A quokka zombie (D:7)
  8 rats
  A fungus (Lair:4)
827 creatures vanquished.

Vanquished Creatures (collateral kills)
  A minotaur (Gauntlet)
  A two-headed ogre (Orc:2)
  An orc knight (Orc:1)
  An orc warrior (D:11)
  A centaur (D:5)
  A crimson imp (D:6)
  A hound (D:12)
  A gnoll (D:6)
  4 orcs
  A bat (D:1)
  A rat (D:1)
14 creatures vanquished.

Vanquished Creatures (others)
  A human (Lair:4)
  4 dancing weapons
  An orc warrior (Orc:1)
  2 wolves (IceCv)
  A killer bee (D:8)
  A gnoll (D:6)
  A fire vortex (D:8)
11 creatures vanquished.

Grand Total: 852 creatures vanquished

Notes
Turn   | Place    | Note
-------+----------+-------------------------------------------
     0 | D:1      | Maedhros the Octopode Artificer began the quest for the
                  | Orb.
     0 | D:1      | Reached XP level 1. HP: 13/13 MP: 3/3
   201 | D:1      | Reached XP level 2. HP: 12/18 MP: 4/4
   375 | D:2      | Noticed an ice beast
   387 | D:2      | Killed an ice beast
   387 | D:2      | Reached XP level 3. HP: 21/23 MP: 5/5
   387 | D:2      | Reached XP level 4. HP: 25/28 MP: 6/6
   432 | D:3      | Reached XP level 5. HP: 21/33 MP: 7/7
   594 | D:4      | Reached XP level 6. HP: 33/38 MP: 8/8
   628 | D:4      | Reached skill level 5 in Unarmed Combat
   809 | D:4      | Found a glowing drain.
   813 | Sewer    | Entered a sewer
  1114 | D:4      | Found a shimmering blue altar of Sif Muna.
  1191 | D:4      | Learned a level 2 spell: Slow
  1248 | D:4      | Reached XP level 7. HP: 36/43 MP: 9/9
  1290 | D:5      | Entered Level 5 of the Dungeon
  1582 | D:5      | Found Daylit's General Store.
  1599 | D:5      | Bought a scroll of identify for 28 gold pieces
  1611 | D:5      | Found a shimmering altar of Xom.
  1611 | D:5      | Found a faded altar of an unknown god.
  1616 | D:5      | Found a radiant altar of Vehumet.
  1619 | D:5      | Found a faded altar of an unknown god.
  1620 | D:5      | Found a sparkling altar of Nemelex Xobeh.
  1635 | D:5      | Became a worshipper of Xom of Bone-Dry Humour
  1742 | D:6      | Noticed Sigmund
  1757 | D:6      | Killed Sigmund
  1774 | D:6      | Found a staircase to the Ecumenical Temple.
  1780 | Temple   | Entered the Ecumenical Temple
  1860 | Temple   | Fell from the grace of Xom
  1860 | Temple   | Became a worshipper of Cheibriados the Contemplative
  1899 | D:6      | XOM: 1-stop teleportation journey
  2105 | D:4      | Noticed a human
  2105 | D:4      | an ogre changed into a human
  2115 | D:4      | Killed a human
  2115 | D:4      | Reached XP level 8. HP: 36/48 MP: 10/10
  2157 | D:3      | XOM: noise
  2266 | D:3      | XOM: 1-stop teleportation journey
  2300 | D:3      | Reached * piety under Cheibriados
  2837 | D:1      | Reached ** piety under Cheibriados
  2897 | D:1      | XOM: summons 10 hostile demons
  3042 | D:3      | XOM: summons 1 hostile demon
  3330 | D:6      | XOM: 3-stop teleportation journey
  3414 | D:6      | Reached skill level 10 in Unarmed Combat
  3579 | D:6      | XOM: noise
  3583 | D:6      | Reached XP level 9. HP: 50/55 MP: 11/11
  3588 | D:6      | Noticed Blork the orc
  3596 | D:6      | Killed Blork the orc
  3609 | D:6      | Reached *** piety under Cheibriados
  3691 | D:6      | XOM: give mutations
  3691 | D:6      | Gained mutation: You are partially covered in large bone
                  | plates. (SH +4) [Xom's mischief]
  3691 | D:6      | Gained mutation: You expend magic power (3 MP) to
                  | strengthen your wands. [Xom's mischief]
  3691 | D:6      | Lost mutation: You expend magic power (3 MP) to strengthen
                  | your wands. [Xom's mischief]
  3851 | D:7      | Reached skill level 1 in Shields
  3947 | D:7      | Reached skill level 2 in Shields
  3996 | D:7      | Learned a level 3 spell: Tukima's Dance
  4046 | D:7      | Noticed a four-headed hydra
  4149 | D:7      | Reached skill level 3 in Shields
  4149 | D:7      | Reached skill level 1 in Hexes
  4150 | D:7      | Noticed Prince Ribbit
  4158 | D:7      | Killed Prince Ribbit
  4326 | D:7      | Reached skill level 4 in Shields
  4339 | D:7      | Reached skill level 5 in Dodging
  4339 | D:7      | Reached skill level 1 in Invocations
  4366 | D:7      | Reached XP level 10. HP: 31/65 MP: 12/12
  4433 | D:8      | Reached **** piety under Cheibriados
  4483 | D:8      | XOM: silly message
  4491 | D:8      | Reached skill level 5 in Fighting
  4539 | D:8      | Reached skill level 5 in Shields
  4582 | D:8      | XOM: silly message
  4701 | D:8      | XOM: noise
  4714 | D:8      | Noticed a two-headed ogre
  4733 | D:8      | XOM: noise
  4980 | D:8      | XOM: noise
  4993 | D:8      | XOM: noise
  5103 | D:9      | Reached skill level 6 in Shields
  5213 | D:9      | Reached ***** piety under Cheibriados
  5325 | D:9      | Found a staircase to the Orcish Mines.
  5353 | D:9      | XOM: blink monster(s)
  5388 | D:9      | Found a glowing silver altar of Zin.
  5391 | D:9      | Found an ancient bone altar of Kikubaaqudgha.
  5481 | D:10     | Entered Level 10 of the Dungeon
  5485 | D:10     | Reached skill level 7 in Shields
  5522 | D:10     | XOM: god gift: 2 lumpy golden potions {god gift}
  5595 | D:10     | Reached XP level 11. HP: 65/72 MP: 14/14
  5602 | D:10     | Found a staircase to the Lair.
  5611 | D:10     | Reached skill level 5 in Hexes
  5611 | D:10     | Reached skill level 5 in Invocations
  5627 | D:10     | XOM: polymorph water moccasin -> wolf
  5646 | D:10     | Reached skill level 8 in Shields
  5669 | D:10     | Lost mutation: You are partially covered in large bone
                  | plates. (SH +4) [potion of mutation]
  5669 | D:10     | Gained mutation: You are frail. (-10% HP) [potion of
                  | mutation]
  5669 | D:10     | Gained mutation: You can translocate small distances at
                  | will. [potion of mutation]
  5669 | D:10     | Gained mutation: You do not regenerate when monsters are
                  | visible. [potion of mutation]
  5669 | D:10     | Lost mutation: You are frail. (-10% HP) [potion of
                  | mutation]
  5670 | D:10     | Lost mutation: You can translocate small distances at will.
                  | [potion of mutation]
  5670 | D:10     | Lost mutation: You do not regenerate when monsters are
                  | visible. [potion of mutation]
  5670 | D:10     | Gained mutation: You have a pair of small antennae on your
                  | head. [potion of mutation]
  5670 | D:10     | Gained mutation: You possess an exceptional clarity of
                  | mind. [potion of mutation]
  5670 | D:10     | Gained mutation: You are partially covered in yellow
                  | scales. (AC +2) [potion of mutation]
  5982 | D:11     | Noticed a red ugly thing
  5988 | D:11     | Killed a red ugly thing
  6040 | D:11     | Noticed a cyclops
  6057 | D:11     | Killed a cyclops
  6206 | D:11     | Learned a level 4 spell: Cause Fear
  6207 | D:11     | XOM: draining
  6451 | D:11     | Found a shimmering blue altar of Sif Muna.
  6467 | D:11     | Identified Sif Muna's Tome of Ignition
  6508 | D:12     | Reached skill level 9 in Shields
  6540 | D:12     | XOM: give mutations
  6540 | D:12     | Gained mutation: Your body sometimes deteriorates upon
                  | taking damage. [Xom's mischief]
  6540 | D:12     | Lost mutation: You possess an exceptional clarity of mind.
                  | [Xom's mischief]
  6605 | D:13     | Reached ****** piety under Cheibriados
  6654 | D:13     | Reached skill level 5 in Evocations
  6695 | D:13     | Identified the +10 rapier "Huddaise" {vorpal, Dex+4 Stlth-}
  6752 | D:13     | Noticed a cyan ugly thing
  6755 | D:13     | Noticed a cyan ugly thing
  6759 | D:13     | Killed a cyan ugly thing
  6764 | D:13     | Killed a cyan ugly thing
  6768 | D:13     | Reached XP level 12. HP: 69/77 MP: 16/16
  6896 | D:13     | Reached skill level 10 in Shields
  7186 | D:12     | XOM: 1-stop teleportation journey
  7439 | D:12     | Noticed a two-headed ogre
  7451 | D:12     | Killed a two-headed ogre
  7748 | Orc:1    | Entered Level 1 of the Orcish Mines
  7787 | Orc:1    | You fall into a shaft and drop 1 floor!
  7787 | Orc:2    | Entered Level 2 of the Orcish Mines
  7787 | Orc:2    | Found Hypey's Distillery.
  7787 | Orc:2    | Noticed a two-headed ogre
  7788 | Orc:2    | Noticed a two-headed ogre
  7788 | Orc:2    | Noticed an ogre mage
  7788 | Orc:2    | Noticed a two-headed ogre
  7789 | Orc:2    | Noticed a two-headed ogre
  7789 | Orc:2    | Killed an ogre mage
  7789 | Orc:2    | Reached skill level 11 in Shields
  7790 | Orc:2    | Killed a two-headed ogre
  7790 | Orc:2    | Reached XP level 13. HP: 80/81 MP: 13/19
  7798 | Orc:2    | Found Qishra's Gadget Boutique.
  7798 | Orc:2    | Noticed an ogre mage
  7803 | Orc:2    | Killed an ogre mage
  7803 | Orc:2    | Reached skill level 12 in Shields
  7844 | Orc:2    | XOM: god gift: 52 gold pieces
  7844 | Orc:2    | Was forgiven by Xom
  7885 | Orc:2    | Found Seijousk's Antique Armour Emporium.
  7889 | Orc:2    | Found Udaohy's Gadget Emporium.
  7999 | Orc:2    | Found Husoghipa's Book Emporium.
  8048 | Orc:2    | Found Vorphuo's Weapon Shoppe.
  8127 | Orc:2    | Found Mineimm's Antique Weapon Shop.
  8158 | Orc:2    | Found a staircase to the Elven Halls.
  8173 | Orc:2    | Found a roughly hewn altar of Beogh.
  8241 | Orc:1    | Noticed Erolcha
  8253 | Orc:2    | Killed Erolcha
  8359 | Orc:1    | Found a roughly hewn altar of Beogh.
  8382 | Orc:1    | Reached skill level 13 in Shields
  8533 | Orc:2    | Bought a wand of acid (9) for 338 gold pieces
  8533 | Orc:2    | Bought a wand of iceblast (11) for 195 gold pieces
  8546 | Orc:2    | Bought a potion of lignification for 42 gold pieces
  8546 | Orc:2    | Bought a potion of might for 56 gold pieces
  8576 | Orc:2    | Bought a Young Poisoner's Handbook for 520 gold pieces
  8580 | Orc:2    | Learned a level 3 spell: Mephitic Cloud
  8699 | Lair:1   | Entered Level 1 of the Lair of Beasts
  8722 | Lair:1   | Found a gate leading to a gauntlet.
  8731 | Gauntlet | Entered a Gauntlet
  8731 | Gauntlet | Found a transporter.
  8731 | Gauntlet | Found a transporter.
  8733 | Gauntlet | Found a transporter.
  8733 | Gauntlet | Found a transporter.
  8761 | Gauntlet | Found a transporter.
  8767 | Gauntlet | Found a runed translucent gate.
  8767 | Gauntlet | Found a runed translucent gate.
  8767 | Gauntlet | Found a runed translucent gate.
  8769 | Gauntlet | Found a transporter.
  8773 | Gauntlet | Found a transporter.
  8783 | Gauntlet | Found a transporter.
  8796 | Gauntlet | Found a runed translucent door.
  8800 | Gauntlet | Found a transporter.
  8813 | Gauntlet | Found a transporter.
  8817 | Gauntlet | Found a transporter.
  8825 | Gauntlet | Found a transporter.
  8900 | Gauntlet | Reached skill level 1 in Spellcasting
  8943 | Gauntlet | Reached skill level 1 in Poison Magic
  8990 | Gauntlet | Reached skill level 1 in Air Magic
  9003 | Gauntlet | Got a sparkling lapis lazuli ring
  9004 | Gauntlet | Identified the ring of Izaahoej {*Tele Int+3} (You found it
                  | in a Gauntlet)
  9036 | Gauntlet | Noticed a minotaur
  9043 | Gauntlet | Killed a minotaur
  9135 | Lair:1   | Reached XP level 14. HP: 56/89 MP: 21/21
  9251 | Lair:1   | Reached skill level 1 in Throwing
  9490 | Lair:2   | Lost mutation: Your body sometimes deteriorates upon taking
                  | damage. [potion of mutation]
  9490 | Lair:2   | Lost mutation: You are partially covered in yellow scales.
                  | (AC +2) [potion of mutation]
  9490 | Lair:2   | Lost mutation: You have a pair of small antennae on your
                  | head. [potion of mutation]
  9490 | Lair:2   | Gained mutation: Your spells are a little easier to cast,
                  | but a little less powerful. [potion of mutation]
  9490 | Lair:2   | Gained mutation: You are robust. (+10% HP) [potion of
                  | mutation]
  9491 | Lair:2   | Lost mutation: Your spells are a little easier to cast, but
                  | a little less powerful. [potion of mutation]
  9491 | Lair:2   | Lost mutation: You are robust. (+10% HP) [potion of
                  | mutation]
  9491 | Lair:2   | Gained mutation: You evolve. [potion of mutation]
  9491 | Lair:2   | Gained mutation: Your system is resistant to poisons.
                  | (rPois) [potion of mutation]
  9491 | Lair:2   | Gained mutation: One of your tentacles bears a spike.
                  | [potion of mutation]
  9491 | Lair:2   | Gained mutation: You are partially covered in thin metallic
                  | scales. (AC +2) [potion of mutation]
  9581 | Lair:3   | Noticed Nergalle
  9590 | Lair:3   | Killed Nergalle
  9619 | Lair:3   | Found a frozen archway.
  9672 | IceCv    | Entered an ice cave
 10081 | IceCv    | Learned a level 4 spell: Olgreb's Toxic Radiance
 10086 | IceCv    | Learned a level 4 spell: Leda's Liquefaction
 10094 | IceCv    | Gained mutation: You are partially covered in iridescent
                  | scales. (AC +2) [evolution]
 10129 | IceCv    | Noticed a white draconian
 10155 | IceCv    | Killed a white draconian
 10160 | IceCv    | Reached skill level 5 in Spellcasting
 10468 | Lair:3   | Noticed Fannar
 10479 | Lair:3   | Killed Fannar
 10479 | Lair:3   | Reached skill level 5 in Throwing
 10850 | Lair:5   | Found the ring of Robustness {AC+8}
 10926 | Lair:5   | Reached skill level 5 in Poison Magic
 11107 | Lair:4   | Reached XP level 15. HP: 97/97 MP: 24/24
 11139 | Lair:4   | Noticed Kirke
 11151 | Lair:4   | Killed Kirke
 11256 | Lair:4   | Found a hole to the Spider Nest.
 11265 | Spider:1 | Entered Level 1 of the Spider Nest
 11464 | Spider:2 | Killed a ghost moth
 11464 | Spider:2 | Reached skill level 5 in Stealth
 11498 | Spider:1 | Noticed Nikola
 11645 | Spider:1 | Learned a level 5 spell: Metabolic Englaciation
 11756 | Spider:2 | Reached skill level 1 in Ice Magic
 11843 | Spider:3 | Killed a ghost moth
 12058 | Spider:2 | Learned a level 6 spell: Ozocubu's Refrigeration
 12176 | Spider:3 | Noticed an emperor scorpion
 12221 | Spider:2 | Killed an emperor scorpion
 12455 | Spider:3 | Reached XP level 16. HP: 105/105 MP: 28/28
 12548 | Spider:3 | Reached skill level 5 in Ice Magic
 12776 | Spider:4 | Entered Level 4 of the Spider Nest
 12949 | Spider:4 | Reached skill level 10 in Throwing
 13445 | Spider:4 | Noticed Arachne
 13471 | Spider:4 | Slain by Arachne

Levels and vault maps discovered:
D:1:      sevenhm_arrival_forest_fort_small_3, layout_rooms, hex_intersection,
          minmay_heptomino_l4
D:2:      layout_loops_ring
D:3:      layout_basic, chequers_serial_rivers_micro_c
D:4:      layout_gridville, marbit_many_paths, gup_sewer_entry_spiral,
          minmay_misc_feat_hallway, minmay_bent
D:5:      layout_basic, chequers_temple_overflow_minitemple, serial_shops, shop,
          first_ration
D:6:      layout_layer_cave, temple_green, uniq_sigmund, uniq_blork_the_orc
D:7:      layout_gridville, grunt_livestock, uniq_prince_ribbit1
D:8:      layout_loops_corners, serial_undead, serial_undead_a, serial_undead_d,
          serial_undead_a, serial_undead_f, serial_undead_c, serial_undead_d,
          hangedman_incinerator
D:9:      layout_loops_ring, grunt_temple_overflow_open, zombieorc2_lemuel,
          minmay_variable_closet, kennysheep_potato, uniq_psyche
D:10:     layout_stronghold, david_lair_generic
D:11:     layout_irregular_city, led_sif_book
D:12:     kb_forest_paths, layout_rooms, kennysheep_generic_room_16
D:13:     layout_basic
Temple:   eino_temple_scatter_basement
Lair:1:   layout_gridlike, gauntlet_entry_generic, uniq_joseph
Lair:2:   layout_regular_city, gammafunk_ghost_abyssal_escape,
          grunt_megastairs_5, minmay_lair_oklob_chamber,
          infiniplex_staircase_pool
Lair:3:   layout_gridlike, minmay_shoals_entry_lonely_mermaid,
          portal_ice_cave_demonic_guard, uniq_nergalle, uniq_fannar
Lair:4:   layout_long_grid, nicolae_spider_entry_orb_guardian,
          chequers_serial_rivers_room_b, fungi_pond_lemuel, uniq_kirke
Lair:5:   layout_roguey, roderic_carrion_pond
Spider:1: layout_chambers, nicolae_looking_at_the_future, uniq_nikola
Spider:2: layout_spider_delve
Spider:3: spiders_nest_scorpion_pit, drop_trap
Spider:4: grunt_spider_rune_circles, nicolae_arachne_temple
Orc:1:    layout_caves, david_defended_altar_orc, uniq_erolcha
Orc:2:    st_orc_open, layout_diamond_mine, basic_altar, serial_shops, shop,
          nicolae_shop_crystal, shop

Skill      XL: |  1  2  3  4  5  6  7  8  9 10 11 12 13 14 15 16 |
---------------+-------------------------------------------------+-----
Stealth        | 2 4 7 |  7.0
Unarmed Combat | 3 4 6 8 10 | 10.0
Fighting       | 2 4 5 7 8 |  8.2
Dodging        | 3 5 6 7 8 |  8.4
Shields        | 4 7 9 11 13 | 13.0
Hexes          | 2 4 6 7 9 |  9.2
Invocations    | 1 4 6 8 9 |  9.8
Evocations     | 5 8 |  8.0
Spellcasting   | 2 6 8 |  8.0
Poison Magic   | 2 5 7 |  7.0
Air Magic      | 1 3 |  3.4
Throwing       | 6 8 11 | 11.8
Ice Magic      | 4 9 |  9.6
Short Blades   | |  1.0

Action                   |  1- 3 |  4- 6 |  7- 9 | 10-12 | 13-15 | 16-18 || total
-------------------------+-------+-------+-------+-------+-------+-------++-------
Melee: Short sword       |    13 |       |       |       |       |       ||    13
       Constrict         |     9 |    22 |    72 |    94 |   129 |    34 ||   360
       Tentacles         |     5 |    14 |    87 |   224 |   338 |    80 ||   748
       Dagger            |    21 |    76 |   133 |       |       |       ||   230
       Punch             |       |     4 |    25 |    52 |   140 |    25 ||   246
       Unarmed           |       |       |   152 |   490 |   834 |   176 ||  1652
       Kick              |       |       |       |       |   419 |   130 ||   549
Throw: Dart              |       |       |     5 |     5 |       |       ||    10
 Cast: Slow              |       |       |       |     8 |    13 |       ||    21
       Tukima's Dance    |       |       |       |     5 |    13 |     3 ||    21
       Mephitic Cloud    |       |       |       |       |     5 |     1 ||     6
       Olgreb's Toxic Ra |       |       |       |       |    34 |    28 ||    62
       Leda's Liquefacti |       |       |       |       |     9 |    11 ||    20
       Cause Fear        |       |       |       |       |     2 |       ||     2
       Metabolic Englaci |       |       |       |       |     1 |     4 ||     5
Invok: Slouch            |       |       |       |     5 |     9 |     4 ||    18
       Temporal Distorti |       |       |       |       |     2 |       ||     2
Evoke: Wand              |     8 |     3 |    14 |    13 |    33 |    13 ||    84
       Phial of floods   |       |       |       |       |     1 |       ||     1
  Use: Potion            |     1 |       |     3 |     2 |     6 |     3 ||    15
       Scroll            |       |       |    16 |     8 |    13 |     5 ||    42
 Stab: Sleeping          |     2 |    14 |    13 |    24 |    14 |     3 ||    70
       Distracted        |       |       |     3 |     5 |     5 |     1 ||    14
       Betrayed ally     |       |       |       |     1 |       |       ||     1
       Confused          |       |       |       |       |     8 |       ||     8
  Eat: Chunk             |       |       |     8 |    11 |    14 |     2 ||    35
       Ration            |       |       |       |       |     1 |     1 ||     2
Armor: Skin              |     5 |    16 |    44 |    24 |    82 |    86 ||   257
Dodge: Dodged            |    27 |    45 |   145 |   105 |   309 |   113 ||   744
Block: Tower shield      |       |       |    56 |   344 |   959 |   287 ||  1646

Table legend:
 A = Non-vault XP
 B = Vault XP
 C = Vault XP percentage of total XP
 D = Non-vault monster count
 E = Vault monster count
 F = Vault count percentage of total count
                 A         B        C        D         E       F
            +---------+---------+-------+---------+---------+-------
      Total |  103757 |   66720 |  39.1 |     557 |     281 |  33.5
            +---------+---------+-------+---------+---------+-------
        D:1 |      59 |       6 |   9.2 |      22 |       3 |  12.0
        D:2 |     203 |       0 |   0.0 |      18 |       0 |   0.0
        D:3 |     149 |       0 |   0.0 |      25 |       0 |   0.0
        D:4 |     149 |     332 |  69.0 |       7 |      14 |  66.7
        D:5 |     370 |       0 |   0.0 |      12 |       0 |   0.0
        D:6 |     972 |     291 |  23.0 |      28 |       2 |   6.7
        D:7 |    1087 |    1267 |  53.8 |      19 |       6 |  24.0
        D:8 |    1074 |     925 |  46.3 |      17 |      13 |  43.3
        D:9 |     577 |     749 |  56.5 |      11 |      36 |  76.6
       D:10 |    2114 |     770 |  26.7 |      22 |       4 |  15.4
       D:11 |    2019 |      78 |   3.7 |      34 |       2 |   5.6
       D:12 |    5307 |    2887 |  35.2 |      26 |      19 |  42.2
       D:13 |    6273 |       0 |   0.0 |      25 |       0 |   0.0
     Lair:1 |    2840 |       0 |   0.0 |       9 |       0 |   0.0
     Lair:2 |    2991 |     558 |  15.7 |      14 |       2 |  12.5
     Lair:3 |    2391 |    2463 |  50.7 |      14 |       4 |  22.2
     Lair:4 |    3618 |    3043 |  45.7 |      13 |       4 |  23.5
     Lair:5 |    6204 |     735 |  10.6 |      25 |       6 |  19.4
   Spider:1 |    5320 |       0 |   0.0 |      15 |       0 |   0.0
   Spider:2 |   14090 |       0 |   0.0 |      31 |       0 |   0.0
   Spider:3 |   20264 |    9456 |  31.8 |      44 |      22 |  33.3
   Spider:4 |   20604 |    8799 |  29.9 |      50 |      25 |  33.3
      Orc:1 |    2729 |     124 |   4.3 |      32 |       3 |   8.6
      Orc:2 |    2353 |   16518 |  87.5 |      44 |      38 |  46.3
      Sewer |       0 |     125 | 100.0 |       0 |      16 | 100.0
      IceCv |       0 |   12961 | 100.0 |       0 |      52 | 100.0
   Gauntlet |       0 |    4633 | 100.0 |       0 |      10 | 100.0
            +---------+---------+-------+---------+---------+-------
